[Event "98th Caplin Hastings Masters 2024-25"]
[Site "Hastings"]
[Date "2024.12.31"]
[Round "5.10"]
[White "Golding, Alex"]
[Black "Bilandzic, Ante"]
[Result "1/2-1/2"]
[ECO "B13"]
[WhiteElo "2405"]
[BlackElo "1912"]
[Annotator "TA"]
[PlyCount "82"]
[EventDate "2024.12.23"]
[EventType "swiss"]
[EventCountry "ENG"]
[SourceTitle "playchess.com"]
[Source "ChessBase"]
[SourceQuality "1"]
[TimeControl "5400+30"]

1. e4 c6 2. d4 d5 3. exd5 cxd5 4. Nf3 Nc6 5. Bd3 Bg4 6. c3 Qc7 7. Be3 Nf6 8. Nbd2 e6 9. O-O Be7 10. Qc2 O-O 11. a4 Rac8 12. Qb1 a6 13. Re1 Rfe8 14. Bg5 h6 15. Bh4 Bxf3 16. Nxf3 Nh5 17. Bxe7 Rxe7 18. Qd1 Nf6 19. Rc1 e5 20. dxe5 Nxe5 21. Nd4 g6 22. g3 Rce8 23. Bf1 Kg7 24. Rc2 Qc5 25. Rce2 Qc7 26. Qb3 Qd7 27. Qc2 Nc4 28. Rxe7 Rxe7 29. Rd1 Qc7 30. Ne2 Qb6 31. b3 Ne3 32. fxe3 Qxe3+ 33. Kg2 Ng4 $1 $40 {[%emt 0:00:51][%mdl 128] ( -> ...Qf2+) Black mounts an attack.} 34. Nf4 {[%emt 0:03:14] [#]} (34. Rxd5 Qf2+ 35. Kh3 Qxf1+ (35... Ne3 $2 36. Qd1 $19) 36. Kxg4 Rxe2 37. Qd3 h5+ (37... f5+ $2 38. Rxf5 gxf5+ 39. Qxf5 $19)) 34... Qxf4 $1 35. gxf4 Ne3+ 36. Kf2 Nxc2 37. Be2 {[%emt 0:04:26] [#]} (37. Rxd5 $11 Ne3 38. Rd8) 37... d4 $1 $15 38. cxd4 Ne3 $1 (38... Re4 39. Bd3 Rxf4+ (39... Rxd4 $2 40. Bxc2 Rxf4+ 41. Ke3 $18) 40. Kg3 $18) 39. Re1 {[%emt 0:00:54] [#]} Nc2 (39... Nf5 $1 $17 40. Bc4 Rd7 (40... Rxe1 41. Kxe1 Nxd4 42. Kd2 $17)) 40. Rd1 $11 Ne3 (40... Re4 41. Bd3 Rxf4+ (41... Rxd4 $2 {perishes.} 42. Bxc2 Rxf4+ 43. Kg3 $18) 42. Kg3 $18) (40... Kf6 $11) 41. Re1 $1 $17 {[%emt 0:01:15] Threatens to win with Bf3.} Nc2 (41... Nf5 $17 42. Bf3 Rc7) 1/2-1/2

[Event "98th Caplin Hastings Masters 2024-25"]
[Site "Hastings"]
[Date "2024.12.31"]
[Round "5.11"]
[White "Royal, Shreyas"]
[Black "Bin-Suhayl, Ieysaa"]
[Result "1-0"]
[ECO "C10"]
[WhiteElo "2522"]
[BlackElo "2183"]
[Annotator "TA"]
[PlyCount "129"]
[EventDate "2024.12.23"]
[EventType "swiss"]
[EventCountry "ENG"]
[SourceTitle "playchess.com"]
[Source "ChessBase"]
[SourceQuality "1"]
[TimeControl "5400+30"]

1. e4 e6 2. d4 d5 3. Nc3 dxe4 4. Nxe4 Nd7 5. Nf3 Ngf6 6. Nxf6+ Nxf6 7. Bd3 c5 8. O-O cxd4 9. Nxd4 Bc5 10. Be3 Bb6 11. Re1 O-O 12. Nf3 Bxe3 13. Rxe3 b6 14. Ne5 Bb7 15. Qe2 h6 16. Rg3 Kh8 17. Re1 Qd5 18. Bc4 Qc5 19. Qd3 Bd5 20. Bxd5 Qxd5 (20... Rad8 {seems wilder.} 21. Nxf7+ Rxf7 22. Qg6 Rdf8) 21. c4 Qxd3 22. Rxd3 Kg8 23. Red1 Rfc8 24. b3 g6 25. f3 Kg7 26. b4 Rc7 (26... a6 $11) 27. Rd4 (27. a4 $14) 27... Rac8 28. Kf2 g5 29. R1d2 Ng8 30. Rd8 Rxd8 31. Rxd8 f6 32. Rd7+ (32. Nd3 Rxc4 33. Rd7+ Kf8 34. Rxa7 Ne7 $15) 32... Rxd7 33. Nxd7 Kf7 34. Nb8 Ne7 35. Ke3 Ke8 36. Kd3 Kd8 37. a4 Kc7 38. Na6+ Kd6 39. c5+ bxc5 $1 40. Nxc5 f5 41. Kc4 Nd5 42. g3 h5 43. Nd3 e5 44. Nc5 (44. a5 $11) 44... Nc7 {[%emt 0:00:51] [#]} (44... Nb6+ $15 {keeps the upper hand.} 45. Kb5 g4 46. fxg4 hxg4) 45. b5 (45. g4 $1 $16 hxg4 46. fxg4 fxg4 47. b5) 45... h4 46. a5 hxg3 47. hxg3 g4 $2 (47... Ne8 $11) 48. fxg4 $18 fxg4 49. Ne4+ Ke7 50. Kc5 (50. b6 $142 axb6 51. axb6 Na6 52. Nc5 Nb8 53. Kd5 e4 54. Nxe4 Na6 55. Kc6 (55. Nf2 Kd7 $18) 55... Nb8+ 56. Kb7) 50... Ne6+ (50... Kd7 $18 51. Nf6+ Kc8 52. Nxg4 Ne6+ 53. Kc4 e4) 51. Kd5 Nd4 52. b6 (52. Kxe5 Nxb5 53. Kd5 Kd8 $16) 52... axb6 53. axb6 ({Worse is} 53. Kxe5 Nf3+ 54. Kf5 bxa5 $11) 53... Kd7 54. Nc5+ ({Less strong is} 54. Kxe5 Nc6+ 55. Kd5 (55. Kf5 Ne7+ 56. Ke5 Kc6 $11) 55... Ne7+ 56. Kc5 Kc8 $18) 54... Kc8 55. Kxe5 Nc6+ 56. Kf5 Kd8 57. Kxg4 Ke7 58. b7 Nb8 59. Kf5 Kd6 60. Nb3 Kc6 61. Na5+ Kb6 62. g4 Kxa5 63. g5 Kb6 64. g6 Nd7 65. g7 1-0

[Event "98th Caplin Hastings Masters 2024-25"]
[Site "Hastings"]
[Date "2024.12.31"]
[Round "5.12"]
[White "Saunders, Aron"]
[Black "Seo, Jung Min"]
[Result "0-1"]
[ECO "B40"]
[WhiteElo "2106"]
[BlackElo "2491"]
[Annotator "TA"]
[PlyCount "56"]
[EventDate "2024.12.23"]
[EventType "swiss"]
[EventCountry "ENG"]
[SourceTitle "playchess.com"]
[Source "ChessBase"]
[SourceQuality "1"]
[TimeControl "5400+30"]

1. e4 c5 2. Nf3 e6 3. b3 b6 4. Bb2 Bb7 5. Nc3 Nf6 6. e5 Ne4 7. Nxe4 Bxe4 8. Qe2 Bf5 (8... Bxc2 $2 {loses.} 9. d3 $18) 9. g3 Be7 {[%emt 0:00:25][%cal Ob8c6] Prevents Nh4} 10. Bg2 {[%emt 0:00:51][%cal Of3h4] With the idea Nh4!.} Nc6 11. O-O Rc8 12. d3 O-O 13. Rfe1 d6 14. exd6 Qxd6 15. Nd2 Nd4 16. Qd1 Rfd8 17. Ne4 Qc7 18. c3 Nc6 19. Qe2 Rd7 20. Rad1 Rcd8 21. Rd2 Bg6 22. f4 b5 23. Qe3 Qb6 24. a3 {[%emt 0:03:15] [#]} (24. Nf2 $15) 24... b4 $1 $17 25. Rb1 $2 {[%emt 0:05:29][%mdl 8192] [#]} (25. c4 $17) 25... Rxd3 $3 $19 26. Rxd3 Rxd3 27. Qf2 bxc3 28. Bxc3 Bxe4 0-1

[Event "98th Caplin Hastings Masters 2024-25"]
[Site "Hastings"]
[Date "2024.12.31"]
[Round "5.13"]
[White "Abrahams, Daniel"]
[Black "Gasanov, Eldar"]
[Result "1/2-1/2"]
[ECO "E32"]
[WhiteElo "2072"]
[BlackElo "2476"]
[Annotator "TA"]
[PlyCount "116"]
[EventDate "2024.12.23"]
[EventType "swiss"]
[EventCountry "ENG"]
[SourceTitle "playchess.com"]
[Source "ChessBase"]
[SourceQuality "1"]
[TimeControl "5400+30"]

1. d4 Nf6 2. c4 e6 3. Nc3 Bb4 4. Qc2 d6 5. Nf3 Nbd7 6. a3 Bxc3+ 7. Qxc3 O-O 8. e3 b6 9. Be2 Bb7 10. O-O Ne4 11. Qc2 f5 12. Ne1 Qh4 13. f3 Ng5 $1 14. f4 Ne4 15. Nf3 Qh6 16. Nd2 Ndf6 17. Bf3 g5 18. b3 Rae8 19. Nxe4 Bxe4 20. Qe2 g4 21. Bxe4 Nxe4 22. Bb2 Qh4 23. Qe1 (23. c5 $15 {is more appropriate.}) 23... Qxe1 $17 24. Rfxe1 Kf7 (24... Nd2 25. Bc3 Ne4 (25... Nxb3 26. Rab1 $11) 26. Rec1) 25. Re2 Ke7 26. b4 Kd7 27. Rc1 c6 28. Rec2 {[%emt 0:01:27] White is weak on the light squares} Rc8 29. Kf1 d5 {[%emt 0:05:08] and ...dxc4 should not be overlooked} 30. c5 $1 b5 31. Bc3 Kc7 32. Be1 Kb7 33. a4 bxa4 34. Ra2 a6 35. Rxa4 Ra8 36. Rca1 Rfb8 37. R4a3 Rg8 38. Ra4 Rg6 39. R4a3 Rgg8 40. Ra4 Nf6 41. Bh4 Ne8 42. Be1 Nc7 43. Bh4 Nb5 44. Be1 Rg6 45. Ra5 Rh6 46. Kg1 Rh5 47. R5a4 Nc7 48. R4a3 Rh6 49. Ra4 Nb5 50. R4a2 Rg6 51. Kf1 Nc7 52. Ra4 Rgg8 53. Bh4 Nb5 54. Be1 Rgf8 55. R4a2 Rf6 56. Ra4 Rh6 57. Kg1 Nc7 58. R4a2 Nb5 1/2-1/2

[Event "98th Caplin Hastings Masters 2024-25"]
[Site "Hastings"]
[Date "2024.12.31"]
[Round "5.14"]
[White "Bhatia, Kanishka"]
[Black "Li, Jack"]
[Result "0-1"]
[ECO "A29"]
[WhiteElo "2018"]
[BlackElo "1717"]
[Annotator "NA RC"]
[PlyCount "178"]
[EventDate "2024.12.23"]
[EventType "swiss"]
[EventCountry "ENG"]
[SourceTitle "playchess.com"]
[Source "ChessBase"]
[SourceQuality "1"]
[TimeControl "5400+30"]

1. c4 e5 2. g3 Nf6 3. Bg2 d5 4. cxd5 Nxd5 5. Nc3 Nb6 6. Nf3 Nc6 7. O-O Be7 8. d3 O-O 9. Bd2 Be6 10. Rc1 f5 11. a3 a5 12. Na4 e4 13. Nc5 exf3 14. Nxe6 Qd6 15. Qb3 fxg2 16. Nxf8+ Kxf8 17. Rfe1 Qd5 18. Qxd5 Nxd5 19. e4 fxe4 20. dxe4 Nf6 21. Bf4 Nd4 22. Kxg2 c6 23. f3 Ne6 24. Be3 a4 25. Red1 Ra5 26. Rc4 Bc5 27. Bd2 Ra8 28. f4 b6 29. f5 Nd8 30. Kf3 Nf7 31. Bf4 g5 32. fxg6 hxg6 33. h4 Ke7 34. Rc3 Nd7 35. e5 Nfxe5+ 36. Ke4 Ke6 37. Bxe5 Nxe5 38. Rdc1 Re8 39. Kf4 Rf8+ 40. Ke4 Nd7 41. Rc4 Rf2 42. Rxa4 Rxb2 43. Rc3 Rf2 44. Ra8 Nf6+ 45. Kd3 Nd5 46. Rb3 Rf3+ 47. Kc2 Ne3+ 48. Kb1 Rxg3 49. Rg8 Rg1+ 50. Ka2 Nf5 51. Rh3 Rg4 52. Rh8 Bd4 53. Rh7 Bf6 54. h5 gxh5 55. R3xh5 Ne7 56. Rh2 Nd5 57. Re2+ Kd6 58. Rh6 Nc3+ 59. Kb3 Nxe2 60. Rxf6+ Kd5 61. Rf5+ Ke6 62. Rf8 Nd4+ 63. Kc4 Nb5+ 64. Kb3 Rg3+ 65. Kb4 Rxa3 66. Rb8 Ra6 67. Rh8 Nd4 68. Rh6+ Kd7 69. Rh7+ Kd6 70. Rh6+ Ne6 71. Rh1 Ra5 72. Rd1+ Rd5 73. Ra1 Rd4+ 74. Kc3 b5 75. Re1 Rh4 76. Rd1+ Kc5 77. Re1 Rh3+ 78. Kb2 Nd4 79. Re5+ Kc4 80. Re4 Rh2+ 81. Kb1 b4 82. Rg4 b3 83. Kc1 c5 84. Kb1 Kb4 85. Rg8 c4 86. Rg1 c3 87. Re1 Rb2+ 88. Kc1 Ne2+ 89. Kd1 Rd2# 0-1

[Event "98th Caplin Hastings Masters 2024-25"]
[Site "Hastings"]
[Date "2024.12.31"]
[Round "5.15"]
[White "Schimnatkowski, Lukas"]
[Black "Adams, Henry"]
[Result "0-1"]
[ECO "A14"]
[WhiteElo "2221"]
[BlackElo "1991"]
[Annotator "NA RC"]
[PlyCount "50"]
[EventDate "2024.12.23"]
[EventType "swiss"]
[EventCountry "ENG"]
[SourceTitle "playchess.com"]
[Source "ChessBase"]
[SourceQuality "1"]
[TimeControl "5400+30"]

1. c4 Nf6 2. g3 e6 3. Bg2 d5 4. Nf3 c5 5. O-O Nc6 6. b3 Be7 7. Bb2 d4 8. e3 e5 9. exd4 exd4 10. Re1 O-O 11. d3 Bf5 12. Ne5 Nxe5 13. Rxe5 Bg4 14. Bf3 Bd6 15. Re1 Qd7 16. Nd2 Qf5 17. Bxg4 Nxg4 18. Qf3 Qg6 19. Qxb7 Qxd3 20. Rad1 Rae8 21. Rxe8 Rxe8 22. Qf3 Qe2 23. Rf1 Qxd2 24. Qxg4 Qxb2 25. Qd7 Re6 0-1

[Event "98th Caplin Hastings Masters 2024-25"]
[Site "Hastings"]
[Date "2024.12.31"]
[Round "5.16"]
[White "Gu In-Jung"]
[Black "Golding, James"]
[Result "1-0"]
[ECO "D34"]
[WhiteElo "1987"]
[BlackElo "2203"]
[Annotator "TA"]
[PlyCount "183"]
[EventDate "2024.12.23"]
[EventType "swiss"]
[EventCountry "ENG"]
[SourceTitle "playchess.com"]
[Source "ChessBase"]
[SourceQuality "1"]
[TimeControl "5400+30"]

1. Nf3 d5 2. g3 c5 3. Bg2 Nc6 4. d4 Nf6 5. O-O e6 6. c4 Be7 7. cxd5 exd5 8. Nc3 O-O 9. Bg5 c4 10. Ne5 Be6 11. e3 Rc8 12. h3 Ne8 13. Nxc6 bxc6 14. Bxe7 Qxe7 15. Na4 Nd6 16. b3 Rb8 17. Nc5 Bf5 18. Qd2 Rb5 19. Rfc1 Rfb8 20. Bf1 Qf6 21. g4 (21. f3 $14) 21... Ne4 $11 22. Nxe4 Bxe4 23. Bg2 {[%emt 0:00:03] Dodges Qf3} Bd3 24. Rc3 (24. Qd1 $1 $11) 24... Qg6 (24... h5 $15) 25. Bf1 Bxf1 26. Rxf1 cxb3 27. Rxb3 Rxb3 28. axb3 Rxb3 {[%emt 0:02:41][%mdl 4096] Endgame KQR-KQR. Black is a pawn up.} 29. Qa2 Rb7 30. Qa6 Rc7 31. Qa5 Qd6 32. Rb1 {[%emt 0:00:25] Threatening mate with Rb8+.} h6 33. Rb8+ Kh7 34. Qa6 Qe7 35. Qd3+ g6 36. Qa6 {[%emt 0:01:39] Inhibits Rb7.} f5 37. Rc8 fxg4 38. hxg4 Qd7 39. Rxc7 Qxc7 {[%emt 0:00:00] KQ-KQ. Black is a pawn up.} 40. f4 (40. Kf1 $15) 40... Qd7 (40... g5 $1 $17) 41. Kf2 $15 Kg7 (41... Qxg4 42. Qxa7+ Kg8 (42... Kh8 43. Qb8+ Kg7 44. Qc7+ Kf6 45. Qd6+ Kf7 46. Qc7+ Kf6 47. Qd6+ Kf7 48. Qc7+ Kf6 $14) 43. Qb8+ Kf7 44. Qc7+ Kf6 45. Qd6+ Kf7 46. Qxc6 $11) (41... g5 $15 {is superior.}) 42. Kf3 ({Better is} 42. Qa3 $11) 42... Kf7 ({Black should try} 42... g5 $15) 43. Kf2 Qc7 44. Kf3 Ke8 45. Qd3 Kf7 46. Qa6 Ke6 47. Qd3 Kf6 48. Qa3 Qe7 49. Qa6 Qe4+ 50. Kf2 Qc2+ 51. Kg3 Qc1 52. Kf3 Qh1+ 53. Kg3 Qe1+ 54. Kf3 Qd1+ 55. Kg3 Qc1 56. Kf3 g5 57. Qc8 Qf1+ 58. Kg3 gxf4+ 59. exf4 Qg1+ 60. Kf3 Qd1+ 61. Kg3 Qe1+ (61... Qxd4 $2 62. Qh8+ (62. Qxc6+ Kf7 $11) 62... Ke7 63. Qxd4 $18) 62. Kf3 Qe4+ 63. Kg3 Qe3+ 64. Kh4 Qf2+ (64... Qxd4 $2 {loses.} 65. Qh8+ (65. Qxc6+ Kf7 $11) 65... Ke7 66. Qxd4 $18) 65. Kh3 Qf3+ 66. Kh4 Qh1+ (66... Qxf4 67. Qf8+ (67. Qxc6+ Kg7 $17) 67... Ke6 68. Qxf4 Kd7 69. Qxh6 Kc7 70. g5 Kb7 71. g6) 67. Kg3 Qe1+ 68. Kf3 Qc3+ 69. Kg2 Qb2+ 70. Kg3 Qa3+ 71. Kg2 Qb2+ 72. Kg3 Qa3+ 73. Kh4 Qd6 74. Kh5 Kf7 {[%emt 0:01:29] Wards off Qg8+} (74... Kg7 $5 75. Qb7+ $8 Kg8 76. Qa8+ (76. Qxa7 Qxf4 77. Qe7 Qf7+ 78. Qxf7+ Kxf7 $11) 76... Qf8 77. Qxa7 (77. Qxf8+ Kxf8 78. Kg6 a5 $17) 77... Qxf4 $11) 75. Qb7+ Kg8 $1 76. Qc8+ Kg7 77. Qb7+ $1 Kg8 $1 78. Qa8+ Kg7 $2 (78... Qf8 $1 $11 {and Black is okay.} 79. Qxa7 (79. Qxf8+ $2 Kxf8 80. Kg6 a5 $19) 79... Qxf4) 79. Qxa7+ $18 Kg8 {[%emt 0:00:03] [#]} 80. Qa8+ $1 Kg7 81. Qb7+ Kg8 {[%emt 0:00:03] [#]} 82. Qc8+ $1 Kg7 $2 (82... Kf7 $11) 83. Qf5 {[%emt 0:00:34] Hoping for Qe5+.} c5 84. dxc5 Qxc5 85. Qg6+ Kf8 86. Qxh6+ Ke7 87. Qg7+ (87. Qg5+ $142 Ke8 88. Qe5+ Kf7 89. g5) 87... Ke8 88. Qe5+ Kf7 89. g5 Qc6 90. f5 Qd7 91. g6+ Kg8 92. Qe6+ 1-0

[Event "98th Caplin Hastings Masters 2024-25"]
[Site "Hastings"]
[Date "2024.12.31"]
[Round "5.17"]
[White "Zhang, Kendrick Botong"]
[Black "Briem, Benedikt"]
[Result "0-1"]
[ECO "C54"]
[WhiteElo "1979"]
[BlackElo "2132"]
[Annotator "NA RC"]
[PlyCount "76"]
[EventDate "2024.12.23"]
[EventType "swiss"]
[EventCountry "ENG"]
[SourceTitle "playchess.com"]
[Source "ChessBase"]
[SourceQuality "1"]
[TimeControl "5400+30"]

1. e4 e5 2. Nf3 Nc6 3. Bc4 Bc5 4. d3 Nf6 5. Bg5 O-O 6. c3 h6 7. Bh4 Be7 8. Bg3 d6 9. a4 a5 10. Nbd2 Kh8 11. O-O Nh7 12. d4 Bf6 13. dxe5 dxe5 14. Qb3 Qe7 15. Rfd1 Ng5 16. Nxg5 Bxg5 17. Nf3 Bf6 18. Rd3 Nb8 19. Rad1 Nd7 20. Qc2 Nc5 21. R3d2 Bg4 22. Be2 Be6 23. c4 Bd7 24. b3 Bc6 25. Bd3 Rad8 26. Re1 Rd7 27. Bf1 Rfd8 28. Rxd7 Rxd7 29. Nd2 Ne6 30. Qc3 Qc5 31. Nf3 Nd4 32. Nxd4 Rxd4 33. Qc2 b6 34. Kh1 Qd6 35. f3 Bg5 36. Re2 Rd1 37. Kg1 Qd4+ 38. Bf2 Qa1 0-1

[Event "98th Caplin Hastings Masters 2024-25"]
[Site "Hastings"]
[Date "2024.12.31"]
[Round "5.18"]
[White "Patel, Zain"]
[Black "Samarasinghe Jude, Ranga"]
[Result "0-1"]
[ECO "A10"]
[WhiteElo "2099"]
[BlackElo "1944"]
[Annotator "NA RC"]
[PlyCount "90"]
[EventDate "2024.12.23"]
[EventType "swiss"]
[EventCountry "ENG"]
[SourceTitle "playchess.com"]
[Source "ChessBase"]
[SourceQuality "1"]
[TimeControl "5400+30"]

1. Nf3 e6 2. c4 d5 3. g3 c6 4. Bg2 f5 5. O-O Nf6 6. d3 Bc5 7. Nc3 d4 8. Nb1 Nbd7 9. b4 Bxb4 10. Nxd4 Qe7 11. Bb2 O-O 12. Qb3 Bc5 13. Nd2 Ne5 14. Nc2 Nf7 15. Rad1 e5 16. Nf3 Bd6 17. Rfe1 Be6 18. Bc3 Rae8 19. Qb2 Bc8 20. e4 fxe4 21. dxe4 Ng4 22. h3 Nxf2 23. Kxf2 Bc5+ 24. Ke2 Ng5 25. Nb4 Bxh3 26. Bxh3 Rxf3 27. Nd3 Ref8 28. Bf5 g6 29. Bxe5 gxf5 30. Nxc5 Qxc5 31. Rd7 Qxc4+ 32. Kd2 Nf7 33. Re2 Qe6 34. Rd4 Qxe5 35. exf5 Qa5+ 36. Qb4 Qxa2+ 37. Ke1 Qa1+ 38. Kd2 Rxg3 39. f6 Qg1 40. Rde4 c5 41. Qxb7 Rg2 42. Qe7 Rd8+ 43. Kc2 Qd1+ 44. Kc3 Qd3+ 45. Kb2 Rb8+ 0-1

[Event "98th Caplin Hastings Masters 2024-25"]
[Site "Hastings"]
[Date "2024.12.31"]
[Round "5.19"]
[White "Sasikumar, Srivathsan"]
[Black "Badacsonyi, Frankie"]
[Result "0-1"]
[ECO "B92"]
[WhiteElo "1904"]
[BlackElo "2218"]
[Annotator "NA RC"]
[PlyCount "80"]
[EventDate "2024.12.23"]
[EventType "swiss"]
[EventCountry "ENG"]
[SourceTitle "playchess.com"]
[Source "ChessBase"]
[SourceQuality "1"]
[TimeControl "5400+30"]

1. e4 c5 2. Nf3 d6 3. d4 cxd4 4. Nxd4 Nf6 5. Nc3 a6 6. Be2 e5 7. Nf3 Be7 8. O-O Be6 9. Ng5 Bd7 10. Be3 h6 11. Nf3 Be6 12. h3 Nbd7 13. Nd2 b5 14. a3 Qc7 15. f4 exf4 16. Bxf4 Ne5 17. Qe1 Qc5+ 18. Kh1 Ng6 19. Bg3 O-O 20. Nf3 Rac8 21. Rd1 Rfe8 22. Nd4 Bf8 23. Bf2 Qc7 24. Bg3 Qb7 25. Qd2 Bc4 26. Bd3 b4 27. axb4 Qxb4 28. Bxc4 Rxc4 29. Qd3 Rec8 30. Nf5 Qxb2 31. Nd5 Nxe4 32. Nde3 Nxg3+ 33. Nxg3 Rc3 34. Qd4 Qb5 35. Ne4 R3c6 36. Nf5 Qe5 37. Qd3 Rxc2 38. Nfxd6 Bxd6 39. Nxd6 R8c3 40. Qxa6 Rxh3+ 0-1

[Event "98th Caplin Hastings Masters 2024-25"]
[Site "Hastings"]
[Date "2024.12.31"]
[Round "5.20"]
[White "Brewer, Callum D"]
[Black "Pick, Freddie"]
[Result "1/2-1/2"]
[ECO "B31"]
[WhiteElo "2151"]
[BlackElo "1874"]
[Annotator "NA RC"]
[PlyCount "63"]
[EventDate "2024.12.23"]
[EventType "swiss"]
[EventCountry "ENG"]
[SourceTitle "playchess.com"]
[Source "ChessBase"]
[SourceQuality "1"]
[TimeControl "5400+30"]

1. e4 c5 2. Nf3 Nc6 3. Bb5 g6 4. Bxc6 dxc6 5. d3 Bg7 6. h3 Nf6 7. a4 a5 8. Be3 Nd7 9. Qc1 e5 10. Bh6 Qf6 11. Na3 b6 12. Nh2 Bxh6 13. Qxh6 Qf4 14. Qg7 Qf6 15. Qh6 Qf4 16. Qg7 Qf6 17. Qxf6 Nxf6 18. Nc4 Nd7 19. Ng4 f6 20. O-O Ba6 21. Nge3 Ke7 22. g3 Bxc4 23. Nxc4 Ke6 24. f4 Rhf8 25. Rf2 Ke7 26. Kh2 h5 27. Kg2 Rg8 28. Raf1 Rgf8 29. Kh2 b5 30. axb5 cxb5 31. Ne3 Nb6 32. b3 1/2-1/2

[Event "98th Caplin Hastings Masters 2024-25"]
[Site "Hastings"]
[Date "2024.12.31"]
[Round "5.21"]
[White "Kim, Yegeon"]
[Black "Brown, Tom"]
[Result "0-1"]
[ECO "B15"]
[WhiteElo "1697"]
[BlackElo "1932"]
[Annotator "NA RC"]
[PlyCount "90"]
[EventDate "2024.12.23"]
[EventType "swiss"]
[EventCountry "ENG"]
[SourceTitle "playchess.com"]
[Source "ChessBase"]
[SourceQuality "1"]
[TimeControl "5400+30"]

1. e4 c6 2. d4 d5 3. Nc3 dxe4 4. Nxe4 Nf6 5. Nxf6+ exf6 6. c3 Bd6 7. Bd3 O-O 8. Qc2 Re8+ 9. Ne2 f5 10. Bxf5 Bxf5 11. Qxf5 Nd7 12. Be3 Nb6 13. Qd3 Nd5 14. O-O Qe7 15. Rae1 Nxe3 16. fxe3 Qxe3+ 17. Qxe3 Rxe3 18. Nc1 Rae8 19. Rxe3 Rxe3 20. Kf2 Re6 21. g3 g5 22. Nb3 b6 23. a4 Kg7 24. a5 Kg6 25. axb6 axb6 26. Nd2 Rf6+ 27. Kg2 Rxf1 28. Kxf1 Kf5 29. Kg2 g4 30. h3 h5 31. hxg4+ hxg4 32. Kf2 Bc7 33. Kg2 b5 34. Kf2 Bd6 35. b4 Bc7 36. Kg2 Ke6 37. Kf2 Kd5 38. Nb3 Kc4 39. Na5+ Kxc3 40. Nxc6 Kc4 41. Kg2 f6 42. Kf2 Bd6 43. Na7 Bxb4 44. Ke3 Bd6 45. Nc8 Bc7 0-1

[Event "98th Caplin Hastings Masters 2024-25"]
[Site "Hastings"]
[Date "2024.12.31"]
[Round "5.22"]
[White "Zhang, Junyi"]
[Black "Lucas, Arthur"]
[Result "1/2-1/2"]
[ECO "B55"]
[WhiteElo "2070"]
[BlackElo "2335"]
[Annotator "TA"]
[PlyCount "235"]
[EventDate "2024.12.23"]
[EventType "swiss"]
[EventCountry "ENG"]
[SourceTitle "playchess.com"]
[Source "ChessBase"]
[SourceQuality "1"]
[TimeControl "5400+30"]

1. e4 c5 2. Nf3 d6 3. d4 cxd4 4. Nxd4 Nf6 5. f3 e5 6. Nb3 d5 7. Bg5 d4 8. c3 Nc6 9. cxd4 Bb4+ 10. Bd2 Nxe4 11. Bxb4 Qh4+ 12. g3 Nxg3 13. hxg3 Qxh1 14. Bc5 Bh3 15. N1d2 O-O-O 16. Qc2 Bxf1 17. O-O-O Qh6 18. Rxf1 b6 19. Qf5+ Kb8 20. Ba3 exd4 21. Qxf7 Ne5 22. Qf4 Qxf4 23. gxf4 Nd3+ 24. Kc2 Nxf4 25. Ne4 Kc7 26. Kd2 Rd5 27. Nc1 d3 28. Rg1 Ne6 29. Ke3 Rhd8 30. Bb4 g6 31. Bc3 Kc6 32. Rd1 d2 33. Rxd2 Rxd2 34. Nxd2 Nc5 35. Ncb3 Re8+ 36. Ne4 Nxb3 37. axb3 Kd5 38. Kd3 Re7 39. Ke3 Ke6 40. Kf4 h6 41. Kg4 Rf7 42. Kg3 Rd7 43. Kg4 Rd1 44. Bg7 Rg1+ 45. Kh3 h5 46. Bc3 Rd1 47. Nf2 Rf1 48. Kg2 Rb1 49. Ne4 Rd1 50. Nf2 Rd5 51. Ne4 Rb5 52. b4 Rd5 53. Kf2 Rf5 54. Ng3 Rf8 55. Ne4 Kf5 56. Ng3+ Kg5 57. Ne4+ Kf5 58. Ng3+ Ke6 59. Ne4 h4 60. Kg2 Kf5 61. Bd2 Rd8 62. Kh3 Rd3 63. Kxh4 Rxf3 64. Ng3+ Ke6 65. Kg4 Rf2 66. Bc3 Kd5 67. Nh1 Rg2+ 68. Kf3 Rh2 69. Nf2 Ke6 70. Kg3 Rh5 71. Ne4 Rf5 72. Kg4 Rf1 73. Nd2 Rg1+ 74. Kf3 Kf5 75. Nc4 g5 76. Ne3+ Kg6 77. Kf2 Rh1 78. Kg2 Rh7 79. Kg3 Re7 80. Nc4 Kh5 81. Ne5 Rc7 82. Ng4 Rf7 83. Nf6+ Kg6 84. Ng4 Rf1 85. Ne3 Rg1+ 86. Kf2 Rb1 87. Kg3 Kh5 88. Nd5 Rg1+ 89. Kf2 Rd1 90. Ne3 Rd3 91. Nc4 Kh4 92. Ne5 Rd5 93. Kg2 g4 94. Nc6 Rd7 95. Ne5 Rd1 96. Nc6 Ra1 97. Bf6+ Kh5 98. Kg3 Rg1+ 99. Kf2 Ra1 100. Kg3 Rf1 101. Bc3 Rf3+ 102. Kg2 Rf7 103. Kg3 Rf3+ 104. Kg2 a6 105. Nb8 a5 106. bxa5 bxa5 107. Bxa5 Rb3 108. Nc6 Rxb2+ 109. Kg3 Rb3+ 110. Kg2 Rd3 111. Be1 Rd5 112. Bf2 Rd2 113. Nd4 Kg5 114. Kg3 Rd3+ 115. Kg2 g3 116. Nf3+ Rxf3 117. Kxf3 gxf2 118. Kxf2 1/2-1/2

[Event "98th Caplin Hastings Masters 2024-25"]
[Site "Hastings"]
[Date "2024.12.31"]
[Round "5.23"]
[White "Lux, Hugo de Melo"]
[Black "Byron, Alan M"]
[Result "1-0"]
[ECO "B15"]
[WhiteElo "2327"]
[BlackElo "2069"]
[Annotator "TA"]
[PlyCount "61"]
[EventDate "2024.12.23"]
[EventType "swiss"]
[EventCountry "ENG"]
[SourceTitle "playchess.com"]
[Source "ChessBase"]
[SourceQuality "1"]
[TimeControl "5400+30"]

1. e4 c6 2. d4 d5 3. Nc3 dxe4 4. Nxe4 Nf6 5. Nxf6+ exf6 6. Bd3 Bd6 7. Qh5 Be6 8. Ne2 g6 9. Qh6 Nd7 10. Qg7 Ke7 {[%emt 0:00:32] and ...h5 should not be overlooked} 11. Qh6 $1 Qf8 12. Qd2 Qb8 13. c4 Rd8 14. h4 a5 (14... b5 $142) 15. Qe3 $1 $16 b5 16. O-O (16. c5 $18 {is more deadly.}) 16... Kf8 17. c5 Bc7 (17... Bh2+ $14 18. Kh1 Bc7) 18. Be4 Ra6 19. Qf3 Qb7 (19... Qc8 $142) 20. Bh6+ Kg8 21. Nf4 $36 {[%emt 0:00:05][%mdl 2048] Keeping Black busy.} f5 (21... Bxf4 $16 22. Qxf4 Qc8) 22. Bc2 (22. Nxe6 $18 fxe6 23. Bc2) 22... Nf8 {[%emt 0:02:07] [#]} ({Better is} 22... Bxf4 $1 $14 23. Qxf4 Re8) 23. Rfe1 $1 {[%emt 0:02:46] White is more active.} Raa8 {[%emt 0:01:02] [#] Black is weak on the dark squares} 24. Rad1 (24. d5 $1 $18 cxd5 (24... Bxd5 $2 25. Qc3 $18) 25. Rad1) 24... a4 $2 (24... Bxf4 $16 25. Qxf4 Bxa2) 25. h5 $2 (25. Nxe6 $18 Nxe6 26. Bxf5 gxf5 (26... Nxd4 $2 27. Rxd4 Rxd4 28. Qe3 $18) 27. Qxf5) 25... Bd5 $2 (25... Bxf4 $16 {was called for.} 26. Qxf4 (26. Bxf4 Bxa2 27. Qg3 b4 $16) 26... Re8) 26. Qg3 $2 (26. Nxd5 $18 {is the precise move to win.} Rxd5 27. g4 (27. Re7 $2 Bh2+ 28. Kxh2 Qxe7 $19)) 26... Ne6 (26... Bxa2 $16 27. hxg6 (27. Bxf5 Re8 $16) 27... hxg6) 27. Bxf5 $18 Nxf4 (27... Bxa2 $2 28. hxg6 (28. Bxe6 Bxf4 29. Qxf4 fxe6 $18) 28... Bxf4 29. gxh7+ (29. Bxf4 hxg6 30. Be5 Ng7 $18) 29... Kh8 30. Bxf4 Nxf4 31. Qxf4 $18) 28. Bxf4 Bxf4 29. Qxf4 {[%emt 0:00:02][%cal Of4h4] Strongly threatening Qh4!.} Bxa2 $2 (29... gxf5 $2 {is the wrong capture.} 30. Qg5+ Kf8 31. Qh6+ Kg8 32. Rd3 $18) (29... Re8 30. Bg4 f5) 30. h6 {[%emt 0:00:53][%cal Of5c8] White wants to mate with Bc8!.} Re8 $2 ({Stronger than} 30... gxf5 31. Qg5+ Kh8 32. Qg7#) (30... Qb8 31. Re5 Rd5 (31... f6 $2 32. Be6+ Bxe6 33. Qxf6 $18)) 31. Bb1 1-0